 Dungeon Crawl Stone Soup version 0.30.0-30-g96aa6591b8 (webtiles) character file.

Game seed: 5639814094780602458

6457 Ayven the Nimble (level 10, 0/77 HPs)
             Began as a Minotaur Fighter on June 29, 2023.
             Was an Elder of Okawaru.
             Shot with an arrow by a centaur (11 damage)
             ... on level 9 of the Dungeon.
             The game lasted 00:40:04 (8764 turns).

Ayven the Nimble (Minotaur Fighter)                 Turns: 8764, Time: 00:40:04

Health: 0/77       AC: 10    Str: 24    XL:     10   Next: 67%
Magic:  0/9        EV: 12    Int:  4    God:    Okawaru [****..]
Gold:   493        SH:  0    Dex: 14    Spells: 9/9 levels left

rFire   . . .        K - +0 hand axe (pain)
rCold   . . .        (no shield)
rNeg    + . .        n - +1 plate armour {rN+}
rPois   .            (helmet restricted)
rElec   .            g - +0 cloak
rCorr   .            (no gloves)
SInv    +            J - +0 pair of boots
Will    .....        A - amulet of guardian spirit Stlth
                     p - ring of see invisible
HPRegen 0.32/turn    (no ring)
MPRegen 0.11/turn

%: guardian spirit
@: about to teleport, corroded, studying Earth Magic
A: horns 2, retaliatory headbutt, agile 1
a: Renounce Religion, Heroism, Finesse


You were on level 9 of the Dungeon.
You worshipped Okawaru.
Okawaru was greatly pleased with you.
You visited 1 branch of the dungeon, and saw 9 of its levels.
You also visited: Sewer.

You collected 493 gold pieces.

Inventory:

Hand Weapons
 u - a +1 dagger of electrocution
 D - a +2 dire flail of protection
 G - a +1 flail of holy wrath
 H - a +5 heavy spear
 I - a +1 heavy morningstar
 K - a +0 hand axe of pain (weapon)
Missiles
 r - 2 throwing nets (quivered)
Armour
 g - a +0 cloak (worn)
 m - the +2 robe of the Snake Pit {rPois rF- rN+ Int+5}
   (You found it on level 2 of the Dungeon)

   Int:       It affects your intelligence (+5).
   rF:        It makes you vulnerable to fire.
   rPois:     It protects you from poison.
   rN:        It protects you from negative energy.
 n - a +1 plate armour of positive energy (worn)
 t - a +0 ring mail
 J - a +0 pair of boots (worn)
Jewellery
 p - a ring of see invisible (left hand)
 A - an amulet of guardian spirit (around neck)
 M - a ring of see invisible
Wands
 s - a wand of quicksilver (14)
 C - a wand of flame (15)
 F - a wand of mindburst (15)
 N - a wand of digging (4)
Scrolls
 b - a scroll of brand weapon
 c - 2 scrolls of silence
 d - a scroll of poison {unknown}
 e - 4 scrolls of teleportation
 i - 4 scrolls of noise
 k - 2 scrolls of enchant armour
 q - a scroll of magic mapping
 y - a scroll of blinking
Potions
 f - 6 potions of brilliance
 h - 2 potions of attraction
 j - a potion of lignification {unknown}
 l - 2 potions of flight
 o - a potion of degeneration {unknown}
 v - a potion of magic {unknown}
 w - 2 potions of invisibility {unknown}
 x - a potion of cancellation {unknown}
 z - 4 potions of heal wounds
 B - 2 potions of curing {unknown}
 E - a potion of berserk rage {unknown}
 O - a potion of resistance {unknown}


   Skills:
 - Level 3.6 Fighting
 + Level 10.1 Axes
 + Level 10.4 Armour
 * Level 12.5 Dodging
 - Level 3.6 Shields


You had 9 spell levels left.
You didn't know any spells.
Your spell library contained the following spells:

 Spells                   Type           Power      Damage    Failure   Level
 Magic Dart               Conj           0%         1d3       99%         1
 Searing Ray              Conj           0%         2d4       100%        2
 Gell's Gravitas          Tloc           0%         N/A       100%        3
 Teleport Other           Tloc           0%         N/A       100%        3
 Fulminant Prism          Conj/Hex       0%         3d5       100%        4
 Dispersal                Tloc           0%         N/A       100%        6
 Summon Small Mammal      Summ           Unusable   N/A       N/A         1
 Call Canine Familiar     Summ           Unusable   N/A       N/A         3
 Summon Guardian Golem    Hex/Summ       Unusable   N/A       N/A         3

Dungeon Overview and Level Annotations

Branches:
Dungeon (9/15)             Temple (0/1) D:6           Sewer (visited)
   Lair: D:8-11         Orc: D:9-12

Altars:
Hepliaklqana
Nemelex Xobeh
Okawaru
Ru
Trog
Vehumet
Wu Jian
Xom
Yredelemnul

Shops:
D:1 (   D:8 *


Innate Abilities, Weirdness & Mutations

You have a pair of horns on your head.
You reflexively headbutt those who attack you in melee.
You are agile. (Dex +4, Str/Int -1)


Message History

The acid dragon bites you but does no damage.
The acid dragon claws you but does no damage.
You barely miss the acid dragon. You headbutt the acid dragon!
The acid dragon is severely wounded.
You hit the orc.
You kill the orc!
The acid dragon bites you but does no damage.
The acid dragon claws you but does no damage.
You closely miss the acid dragon. Your headbutt misses the acid dragon.
The acid dragon is severely wounded.
You hit the centaur.
A howler monkey comes into view.
The centaur unwields a +0 shortbow.
The centaur hits you but does no damage.
The centaur closely misses you. The acid dragon spits acid at you.
The splash of acid hits you!! The acid corrodes you!
You hear a howl!
You hit the acid dragon but do no damage.
The acid dragon is severely wounded.
You hit the centaur but do no damage. The centaur hits you.
* * * LOW HITPOINT WARNING * * *
The centaur misses you. The acid dragon spits acid at you.
The splash of acid hits you!
* * * LOW HITPOINT WARNING * * *
Okay, then.
Okay, then.
As you read the scroll of teleportation, it crumbles to dust.
You feel strangely unstable.
The centaur hits you but does no damage.
The centaur completely misses you.
The centaur hits you but does no damage.
The centaur closely misses you. The acid dragon closely misses you.
The acid dragon claws you but does no damage.
The centaur wields a +0 shortbow.
The centaur shoots an arrow.
The arrow hits you.
* * * LOW HITPOINT WARNING * * *
The centaur shoots an arrow.
The arrow hits you!
You die...

.........
.................#.
...................
..................#
..................#
.................#
.................#
.................#
.........÷.÷....@# ...
...........÷.....# ...
................D# ....
...............c.## ../..
..................####....~
..........................~
.................#.........
......................#.
#..............###..#h.....


You could see an acid dragon and a centaur.

Vanquished Creatures
  2 two-headed ogres (D:8)
  Pikel (D:7)
  A gargoyle (D:8)
  Psyche (D:8)
  A hornet (D:8)
  A wyvern (D:9)
  5 yaks (D:9)
  A water moccasin (D:8)
  2 ice beasts (D:7)
  3 sky beasts
  An ogre (D:6)
  An orc warrior (D:6)
  4 centaurs
  2 lemures (D:7)
  2 kobold brigands (D:7)
  3 bullfrogs
  A gnoll sergeant (D:8)
  3 scorpions
  11 wights
  5 killer bees (D:8)
  2 howler monkeys (D:8)
  5 jellies
  5 hounds
  A gnoll bouda (D:7)
  3 sleepcaps
  4 iguanas
  An orc wizard (D:6)
  5 gnolls (D:7)
  2 river rats (Sewer)
  7 adders
  3 white imps
  3 worms
  3 dart slugs
  22 orcs
  2 bats
  9 endoplasms
  7 giant cockroaches
  4 goblins
  6 hobgoblins
  3 jackals (D:3)
  16 kobolds
  5 quokkas
  14 ball pythons
  3 frilled lizards
  7 rats
193 creatures vanquished.

Notes
Turn   | Place    | Note
-------+----------+-------------------------------------------
     0 | D:1      | Ayven the Minotaur Fighter began the quest for the Orb.
     0 | D:1      | Reached XP level 1. HP: 19/19 MP: 0/0
    91 | D:1      | Reached skill level 1 in Dodging
   152 | D:1      | Found Itoffos's Antique Weapon Shoppe.
   179 | D:1      | Reached XP level 2. HP: 22/26 MP: 1/1
  1217 | D:2      | Identified the +2 robe of the Snake Pit {rPois rF- rN+
                  | Int+5}
  1222 | D:2      | Found a faded altar of an unknown god.
  1231 | D:2      | Reached skill level 2 in Dodging
  1263 | D:2      | Reached XP level 3. HP: 29/31 MP: 2/2
  1976 | D:3      | Noticed a wight
  1984 | D:3      | Killed a wight
  1985 | D:3      | Reached skill level 3 in Dodging
  1985 | D:3      | Reached XP level 4. HP: 29/39 MP: 3/3
  2785 | D:4      | Reached XP level 5. HP: 45/45 MP: 4/4
  2900 | D:4      | Found a bloodstained altar of Trog.
  2972 | D:4      | Found a sparkling altar of Nemelex Xobeh.
  3034 | D:4      | Reached skill level 4 in Dodging
  3119 | D:4      | Reached skill level 5 in Armour
  3124 | D:4      | Found a glowing drain.
  3129 | Sewer    | Entered a sewer
  3346 | Sewer    | Reached XP level 6. HP: 51/51 MP: 5/5
  3404 | Sewer    | Found a viscous altar of Jiyva.
  3534 | D:4      | Reached skill level 5 in Dodging
  3833 | D:5      | Entered Level 5 of the Dungeon
  3841 | D:5      | Reached skill level 5 in Axes
  3860 | D:5      | Found a shimmering altar of Xom.
  3937 | D:5      | Noticed a shadow
  3954 | D:5      | Reached XP level 7. HP: 8/57 MP: 0/6
  4559 | D:6      | Reached skill level 6 in Dodging
  4648 | D:6      | Found a staircase to the Ecumenical Temple.
  5005 | D:6      | Found an iron altar of Okawaru.
  5044 | D:6      | Reached skill level 7 in Dodging
  5044 | D:6      | Reached XP level 8. HP: 64/64 MP: 7/7
  5061 | D:6      | Became a worshipper of Warmaster Okawaru
  5231 | D:6      | Found a hazy altar of Hepliaklqana.
  5477 | D:6      | Reached * piety under Okawaru
  5478 | D:6      | Reached skill level 8 in Dodging
  5912 | D:7      | Noticed Pikel
  5932 | D:7      | Killed Pikel
  5932 | D:7      | Reached ** piety under Okawaru
  5933 | D:7      | Reached skill level 9 in Dodging
  5933 | D:7      | Reached XP level 9. HP: 70/70 MP: 4/8
  6458 | D:7      | Found an ornate altar of the Wu Jian Council.
  6791 | D:7      | Found a basalt altar of Yredelemnul.
  6795 | D:7      | Found a sacrificial altar of Ru.
  6798 | D:7      | Found a radiant altar of Vehumet.
  6905 | D:8      | Noticed a two-headed ogre
  6923 | D:8      | Killed a two-headed ogre
  6924 | D:8      | Reached skill level 10 in Dodging
  7154 | D:8      | Reached *** piety under Okawaru
  7242 | D:8      | Noticed a gargoyle
  7274 | D:8      | Reached skill level 11 in Dodging
  7318 | D:8      | Reached XP level 10. HP: 63/77 MP: 6/9
  7362 | D:8      | Killed a gargoyle
  7583 | D:8      | Noticed a two-headed ogre
  7596 | D:8      | Killed a two-headed ogre
  7597 | D:8      | Reached skill level 10 in Armour
  7769 | D:8      | Found Uplod's Mass Market.
  7914 | D:8      | Noticed Psyche
  7924 | D:8      | Killed Psyche
  7925 | D:8      | Reached skill level 12 in Dodging
  7987 | D:8      | Reached **** piety under Okawaru
  8538 | D:9      | Reached skill level 10 in Axes
  8563 | D:9      | Gained mutation: Armour fits poorly on your strangely
                  | shaped body. [potion of mutation]
  8568 | D:9      | Lost mutation: Armour fits poorly on your strangely shaped
                  | body. [potion of mutation]
  8568 | D:9      | Gained mutation: You are agile. (Dex +4, Str/Int -1)
                  | [potion of mutation]
  8764 | D:9      | Shot with an arrow by a centaur

Illustrated notes

Levels and vault maps discovered:
D:1:      eino_arrival_druids_welcome, layout_loops_ring, serial_shops,
          nicolae_shop_tiny_statue_garden, serial_aquarium,
          aquarium_bridge_long_separate [aquarium_subvault_bridge,
          aquarium_subvault_wall, aquarium_subvault_bridge,
          aquarium_subvault_bridge, aquarium_subvault_wall,
          aquarium_subvault_bridge], aquarium_bridge_straight
          [aquarium_subvault_bridge, aquarium_subvault_window,
          aquarium_subvault_bridge, aquarium_subvault_window],
          aquarium_window_1, aquarium_window_2, aquarium_window_2,
          aquarium_window_1, aquarium_view_2b, aquarium_balcony_3a
D:2:      layout_basic, hellmonk_ecumenical_altar_lost_god
D:3:      minmay_evil_eye, layout_loops_ring
D:4:      layout_rooms, mainiacjoe_overflow_small_starburst, lemuel_tele_altar,
          portal_sewer_entry_e, hellmonk_no_cap
D:5:      layout_layer_cave, xom_teletrap_fun, serial_shops, shop,
          grunt_decor_arrowhead
D:6:      cheibrodos_iron_armory, layout_loops_corners,
          mainiacjoe_overflow_catch_the_wave, minmay_temple_entry_hall
D:7:      layout_loops_ring, grunt_temple_overflow_diamond,
          amcnicky_altar_gilded, hangedman_decor_riveting, minivault_25,
          minmay_misc_feat_chi, uniq_pikel
D:8:      minmay_clustersquares, layout_loops_ring, minmay_shop_mass,
          uniq_psyche
D:9:      argonaut_augean_stables, layout_basic, serial_shops, shop

Skill      XL: |  1  2  3  4  5  6  7  8  9 10 |
---------------+-------------------------------+-----
Dodging        | 1 2 3 4 5 7 9 11 12 | 12.5
Armour         | 4 5 6 7 9 10 | 10.4
Axes           | 3 4 5 6 7 9 10 | 10.1
Fighting       | |  3.6
Shields        | |  3.6

Action                     |  1- 3 |  4- 6 |  7- 9 | 10-12 || total
---------------------------+-------+-------+-------+-------++-------
  Melee: War axe           |    16 |       |       |       ||    16
         Hand axe          |    77 |   159 |    48 |    25 ||   309
         Headbutt          |    10 |    30 |    60 |    24 ||   124
         Punch             |     1 |     2 |       |     1 ||     4
         Dire flail        |       |       |   238 |    30 ||   268
         Spear             |       |       |       |    27 ||    27
  Throw: Throwing net      |       |       |       |     1 ||     1
 Invoke: Heroism           |       |       |     3 |     3 ||     6
    Use: Scroll            |     2 |     6 |     7 |     2 ||    17
         Potion            |       |     1 |     5 |     2 ||     8
   Stab: Held in net/web   |       |       |       |     1 ||     1
 Armour: Scale mail        |    23 |       |       |       ||    23
         Plate armour      |    38 |   117 |   172 |    60 ||   387
  Dodge: Dodged            |    42 |    57 |   144 |    43 ||   286
